 Dungeon Crawl Stone Soup version 0.27-a0-1105-g946c659c87 (webtiles) character file.

Game seed: 6461888106085767835

252 DogServant the Magician (level 6, -3/47 HPs)
             Began as a Djinni Ice Elementalist on Apr 29, 2021.
             Killed by miscasting Hailstorm (10 damage)
             ... on level 4 of the Dungeon.
             The game lasted 00:06:52 (4809 turns).

DogServant the Magician (Djinni Ice Elementalist)   Turns: 4809, Time: 00:06:53

Health: -3/47      AC:  8    Str:  8    XL:     6   Next: 13%
Gold:   103        EV: 13    Int: 17    God:
                   SH:  0    Dex: 14

rFire    + + .     SeeInvis +   n - +3 flail (protect)
rCold    x . .     Faith    .   (no shield)
rNeg     . . .     Spirit   .   a - +0 robe
rPois    ∞         Reflect  .   (no helmet)
rElec    .         Harm     .   (no cloak)
rCorr    .         Rampage  .   (no gloves)
Will     .....                  (boots unavailable)
Stlth    ++........             (no amulet)
HPRegen  0.15/turn              f - ring of see invisible
MPRegen  0.00/turn              (no ring)

@: ice-armoured, freezing walls, flying, very slightly contaminated
A: fire resistance 2, cold vulnerability 1, float, innate caster, hp casting,
extra vitality 1
a: no special abilities


You were on level 4 of the Dungeon.
You visited 1 branch of the dungeon, and saw 4 of its levels.

You collected 103 gold pieces.

Inventory:

Hand Weapons
 n - a +3 flail of protection (weapon)
 r - a +0 falchion
Missiles
 c - 2 throwing nets
Armour
 a - a +0 robe (worn)
Jewellery
 f - a ring of see invisible (left hand)
Wands
 p - a wand of charming (6)
Scrolls
 b - a scroll of blinking {unknown}
 d - 2 scrolls of immolation {unknown}
 g - a scroll of amnesia {unknown}
 i - a scroll of fear {unknown}
 k - a scroll of noise {unknown}
 o - a scroll of teleportation {unknown}
 q - a scroll of enchant weapon {unknown}
 s - a scroll of identify {unknown}
Potions
 e - 2 potions of curing {unknown}
 h - a potion of cancellation {unknown}
 j - a potion of attraction {unknown}
 l - a potion of heal wounds {unknown}
 m - 2 potions of flight {unknown}
 t - a potion of invisibility {unknown}


   Skills:
 + Level 3.8 Fighting
 - Level 3.0 Dodging
 - Level 1.5 Stealth
 + Level 4.9 Spellcasting


You couldn't memorise any spells.
You knew the following spells:

 Your Spells              Type           Power      Damage    Failure   Level
a - Freeze                Ice            80%        1d9       1%          1
b - Frozen Ramparts       Ice            40%        1d6       6%          3
c - Ozocubu's Armour      Ice            20%        N/A       6%          3
d - Hailstorm             Conj/Ice       20%        3d6       19%         4
e - Metabolic Englaciati  Hex/Ice        10%        N/A       47%         5
f - Apportation           Tloc           40%        N/A       1%          1
g - Blink                 Tloc           N/A        N/A       3%          2
Your spell library was empty.

Dungeon Overview and Level Annotations

Branches:
Dungeon (4/15)
 Temple: D:4-7

Altars:
Wu Jian
Xom

Shops:
D:2 [


Innate Abilities, Weirdness & Mutations

You are immune to poison.
Your flesh is very heat resistant. (rF++)
You are vulnerable to cold. (rC-)
You float through the air rather than walking.
You learn spells naturally, not from books.
Your magical power is your life essence.
You have superior vitality. (+4 HP)


Message History

Confirm with . or Enter, or press ? or * to list all spells.
Casting: Frozen Ramparts (dangerous; 6% risk of failure)
Press: ? - help, Dir - look around, f - activate The walls around you are covered in ice.
The wall freezes the gnoll shaman.
The gnoll shaman closely misses you.
The wall freezes the gnoll.
You kill the gnoll!
The wall freezes the gnoll.
The gnoll closely misses you.
Casting: Frozen Ramparts (dangerous; 6% risk of failure)
Confirm with . or Enter, or press ? or * to list all spells.
Aiming: Freeze (safe; 1% risk of failure)
Press: ? - help, Shift-Dir - straight line, f - gnoll shaman
Aim: a gnoll shaman, wielding a +0 club and wearing a +3 leather armour (moderately wounded)
You freeze the gnoll shaman.
The gnoll shaman is heavily wounded.
The wall freezes the gnoll shaman.
The gnoll shaman barely misses you.
The wall freezes the gnoll.
You kill the gnoll!
You have reached level 6!
Your experience leads to an increase in your attributes!
Increase (S)trength, (I)ntelligence, or (D)exterity?
You feel agile.
You hit the gnoll shaman.
Your weapon exudes an aura of protection.
The gnoll shaman is almost dead.
The wall freezes the gnoll shaman.
You kill the gnoll shaman!
The wall freezes the gnoll.
The wall freezes the gnoll.
The gnoll hits you from afar with a +1 vorpal halberd!
* * * LOW HITPOINT WARNING * * *
x2
Casting: Freeze (safe; 1% risk of failure)
Confirm with . or Enter, or press ? or * to list all spells.
The spell is quite dangerous to cast (19% risk of failure)!
Continue anyway?
Casting: Hailstorm (quite dangerous; 19% risk of failure)
Press: ? - help, Dir - look around, f - activate You miscast Hailstorm.
You are very lightly contaminated with residual magic.
You are caught in a violent explosion!
You die...

###....## ##.#..........#
#.....##
#..#.#........####
.....##
##.#.#######.#.... ...###
#....# #.#.... .###
############.#.... ###
#............#.... #.#
#.##################....
#)#
##....)).................
#.#
.<....g)@?.##########....
#.# ##########.# #....
#.# #.# ##... #.# #.#
#... ..# #[# #### ### #.#
#.# .#


You could see a gnoll.

Vanquished Creatures
  A howler monkey (D:4)
  A gnoll shaman (D:4)
  5 gnolls
  6 adders
  An ufetubus (D:4)
  A worm (D:2)
  2 dart slugs (D:2)
  4 orcs
  5 ball pythons
  7 bats
  6 endoplasms
  3 giant cockroaches
  4 goblins
  6 hobgoblins
  3 jackals (D:3)
  6 kobolds
  A quokka (D:4)
  A frilled lizard (D:2)
  10 rats
73 creatures vanquished.

Notes
Turn   | Place    | Note
-------+----------+-------------------------------------------
     0 | D:1      | DogServant the Djinni Ice Elementalist began the quest for
                  | the Orb.
     0 | D:1      | Reached XP level 1. HP: 15/15 MP: 0/0
   196 | D:1      | Reached skill level 1 in Fighting
   196 | D:1      | Reached XP level 2. HP: 14/22 MP: 0/0
  1110 | D:1      | Reached skill level 4 in Spellcasting
  1110 | D:1      | Reached XP level 3. HP: 22/28 MP: 0/0
  1110 | D:1      | Learned a level 1 spell: Apportation
  2173 | D:2      | Found Ujuisch's Antique Armour Boutique.
  2961 | D:3      | Reached XP level 4. HP: 29/33 MP: 0/0
  3815 | D:3      | Found a faded altar of an unknown god.
  4121 | D:4      | Reached XP level 5. HP: 21/40 MP: 0/0
  4121 | D:4      | Learned a level 2 spell: Blink
  4322 | D:4      | Identified Sif Muna's Incunabulum of the Harmful Compass
  4553 | D:4      | Found a shimmering altar of Xom.
  4556 | D:4      | Found an ornate altar of the Wu Jian Council.
  4806 | D:4      | Reached XP level 6. HP: 23/46 MP: 0/0
  4809 | D:4      | Killed by miscasting Hailstorm

Illustrated notes

Levels and vault maps discovered:
D:1:      nicolae_arrival_washed_ashore, layout_basic, st_stairs_6,
          minmay_misc_feat_ornament
D:2:      layout_rooms, serial_shops, shop, kennysheep_generic_room_11
D:3:      layout_loops_ring, chequers_ecumenical_altar_twisty, minmay_cupped
D:4:      layout_basic, chequers_temple_overflow_statue_of_worship,
          serial_curves, eino_curves_03, eino_curves_01

Skill      XL: |  1  2  3  4  5 |
---------------+----------------+-----
Fighting       | 1 2 3 |  3.8
Spellcasting   | 4 |  4.9
Dodging        | 3 |  3.0
Stealth        | |  1.5

Action                   |  1- 3 |  4- 6 || total
-------------------------+-------+-------++-------
Melee: Unarmed           |     8 |       ||     8
       Whip              |    21 |    13 ||    34
       Flail             |       |    17 ||    17
 Cast: Freeze            |    59 |     8 ||    67
       Frozen Ramparts   |     6 |    14 ||    20
       Ozocubu's Armour  |       |     2 ||     2
 Stab: Sleeping          |     1 |     1 ||     2
Armor: Robe              |     9 |    19 ||    28
Dodge: Dodged            |    48 |    34 ||    82

Table legend: (Time is in decaauts)
 A = Elapsed time spent in this place.
 B = Non-inter-level travel time spent in this place.
 C = Inter-level travel time spent in this place.
 D = Time resting spent in this place.
 E = Time spent auto-exploring this place.
 F = Levels seen in this place.
 G = Mean time per level.
                   A        B        C        D        E       F      G
               +--------+--------+--------+--------+--------+-----+--------+
         Total |   4816 |   4688 |    128 |      0 |   4239 |   4 | 1204.0 |
       Dungeon |   4816 |   4688 |    128 |      0 |   4239 |   4 | 1204.0 |
               +--------+--------+--------+--------+--------+-----+--------+

Top non-repeatable levels by time:
     D:1: 1636 daAuts
     D:3: 1314 daAuts
     D:2: 1111 daAuts
     D:4: 754 daAuts
